 Dungeon Crawl Stone Soup version 0.30.1-11-g7821555f0a (webtiles) character file.

Game seed: 11346532277024674537

104 Okkudo the Trooper (level 4, 0/42 HPs)
             Began as a Hill Orc Fighter on Nov 27, 2023.
             Was an Initiate of Beogh.
             Slain by an orc
             ... wielding a +0 trident
              (4 damage)
             ... on level 3 of the Dungeon.
             The game lasted 00:13:49 (1791 turns).

Okkudo the Trooper (Hill Orc Fighter)               Turns: 1791, Time: 00:13:50

Health: 0/42       AC:  8    Str: 20    XL:     4   Next: 80%
Magic:  4/4        EV:  9    Int: 14    God:    Beogh [......]
Gold:   134        SH:  9    Dex: 10    Spells: 2/3 levels left

rFire   . . .        a - +0 war axe
rCold   . . .        c - +0 buckler
rNeg    . . .        b - +0 scale mail
rPois   .            (no helmet)
rElec   .            (no cloak)
rCorr   .            k - +0 pair of gloves
SInv    .            (no boots)
Will    .....        s - amulet of reflection Stlth
                     e - ring of flight
HPRegen 0.27/turn    x - +6 ring of intelligence
MPRegen 0.09/turn

%: reflection
@: flying
A: no striking features
a: Renounce Religion


You were on level 3 of the Dungeon.
You worshipped Beogh.
Beogh was noncommittal.
You visited 1 branch of the dungeon, and saw 3 of its levels.

You collected 134 gold pieces.

Inventory:

Hand Weapons
 a - a +0 war axe (weapon)
 z - a +0 dagger
Missiles
 u - 5 poisoned darts (quivered)
 v - 4 curare-tipped darts
Armour
 b - a +0 scale mail (worn)
 c - a +0 buckler (worn)
 k - a +0 pair of gloves (worn)
Jewellery
 e - a ring of flight (left hand)
 s - an amulet of reflection (around neck)
 x - a +6 ring of intelligence (right hand)
Scrolls
 g - a scroll of poison {unknown}
 j - 2 scrolls of identify {unknown}
 l - a scroll of brand weapon {unknown}
 m - a scroll of enchant armour {unknown}
 o - a scroll of fear {unknown}
 p - a scroll of magic mapping {unknown}
 t - a scroll of immolation {unknown}
 w - a scroll of teleportation {unknown}
 y - a scroll of silence {unknown}
 A - a scroll of noise {unknown}
Potions
 d - a potion of might
 f - a potion of mutation {unknown}
 h - a potion of magic {unknown}
 i - a potion of ambrosia {unknown}
 n - a potion of cancellation {unknown}
 q - a potion of lignification {unknown}
 r - 3 potions of haste {unknown}


   Skills:
 * Level 5.0 Fighting
 + Level 3.5 Axes
 + Level 3.9 Armour
 + Level 3.9 Shields
 + Level 0.8 Invocations


You had 2 spell levels left.
You knew the following spells:

 Your Spells              Type           Power      Damage    Failure   Level
a - Summon Small Mammal   Summ           0%         N/A       69%         1

Your spell library contained the following spells:

 Spells                   Type           Power      Damage    Failure   Level
 Cigotuvi's Dreadful Rot  Necr/Pois/Air  0%         N/A       83%         2
 Call Canine Familiar     Summ           0%         N/A       96%         3
 Ignite Poison            Fire/Tmut/Pois 0%         N/A       96%         3
 Summon Guardian Golem    Hex/Summ       0%         N/A       96%         3
 Freezing Cloud           Conj/Ice/Air   0%         6-21      100%        5


Dungeon Overview and Level Annotations

Branches:
Dungeon (3/15)

Altars:
Gozag


Message History

The orc hits you but does no damage.
You slash the orc!
You kill the orc!
Beogh accepts your kill. The orc hits you but does no damage.
You hit the orc but do no damage.
The orc hits you from afar with a +0 trident.
The orc completely misses you.
You slash the orc!
You kill the orc!
Beogh accepts your kill.
The orc priest calls down the wrath of Beogh upon you.
Beogh smites you! You block the orc's attack.
The orc hits you with a +0 hand axe.
The orc hits you from afar with a +0 trident.
* * * LOW HITPOINT WARNING * * *
Your Fighting skill increases to level 5!
Found 15 gold pieces.
The orc priest looks braver for a moment.
There are monsters nearby!
There are monsters nearby!
The orc hits you with a +0 trident.
You hit the orc.
The orc is lightly wounded.
You block the orc's attack.
The orc priest mumbles some strange prayers to Beogh against you.
Beogh smites you!
* * * LOW HITPOINT WARNING * * *
You block the orc's attack.
You hit the orc.
The orc is almost dead.
The orc priest calls upon Beogh to heal the orc.
The orc's wounds heal themselves!
The orc hits you but does no damage.
You block the orc's attack. x2; The orc hits you but does no damage.
Okay, then.
Okay, then.
The orc attacks as you move away! You block the orc's attack.
The orc hits you from afar with a +0 trident.
You die...
Beogh appreciates the orc's killing of a heretic priest.

#.#...†......# #.
#.#.......##.# ##
#.o.#####....#
###)# #.#### #.#
.. ##.# .##
##o.#####.
#.######.#o.....$
#......@.o#######
###########


You could see an orc priest and 2 orcs.

Vanquished Creatures
  An orc wizard (D:3)
  An adder (D:2)
  2 worms (D:2)
  3 dart slugs
  6 orcs (D:3)
  3 endoplasms
  A giant cockroach (D:2)
  4 goblins
  4 hobgoblins
  2 quokkas (D:2)
  11 ball pythons
  2 bats
  3 frilled lizards
  7 kobolds
  4 rats
54 creatures vanquished.

Vanquished Creatures (others)
  An endoplasm (D:3)
1 creature vanquished.

Grand Total: 55 creatures vanquished

Notes
Turn   | Place    | Note
-------+----------+-------------------------------------------
     0 | D:1      | Okkudo the Hill Orc Fighter began the quest for the Orb.
     0 | D:1      | Reached XP level 1. HP: 19/19 MP: 1/1
   161 | D:1      | Found a faded altar of an unknown god.
   161 | D:1      | Noticed a Brimstone Fiend
   267 | D:1      | Reached XP level 2. HP: 19/27 MP: 2/2
   376 | D:1      | Reached skill level 4 in Fighting
   380 | D:1      | Learned a level 1 spell: Summon Small Mammal
   661 | D:2      | Reached XP level 3. HP: 22/33 MP: 3/3
   834 | D:2      | Identified the +1 spear of Uskayaw's Reproof {protect,
                  | Drain Dex+6}
  1158 | D:2      | Reached XP level 4. HP: 26/41 MP: 4/4
  1530 | D:3      | Found an opulent altar of Gozag.
  1635 | D:3      | Became a worshipper of Beogh the Brigand
  1782 | D:3      | Reached skill level 5 in Fighting
  1791 | D:3      | Slain by an orc

Illustrated notes

Levels and vault maps discovered:
D:1:      erik_arrival_triangle_small, layout_basic,
          dreamdust_ecumenical_altar_sealed_demon,
          chequers_serial_rivers_small_b, chequers_jeans
D:2:      layout_loops_ring, minmay_circled_x
D:3:      layout_loops_ring, mainiacjoe_overflow_brackets, minmay_joined_circles

Skill      XL: |  1  2  3  4 |
---------------+-------------+-----
Fighting       | 4 5 |  5.0
Axes           | 3 |  3.5
Armour         | |  3.9
Shields        | |  3.9
Invocations    | |  0.8

Action                     |  1- 3 |  4- 6 || total
---------------------------+-------+-------++-------
  Melee: War axe           |   108 |    37 ||   145
 Invoke: Convert to Beogh  |       |     1 ||     1
 Armour: Scale mail        |    48 |    26 ||    74
  Dodge: Dodged            |    40 |     9 ||    49
  Block: Buckler           |    32 |    26 ||    58
         Reflection        |       |     1 ||     1
